 Dungeon Crawl Stone Soup version 0.30-a0-341-g682706514a (webtiles) character file.

Game seed: 4646153465754098745

139375 KennySheep the Thaumaturge (level 16, -17/134 HPs)
             Began as a Demigod Conjurer on Nov 4, 2022.
             Demolished by Asterion
             ... wielding a +2 morningstar of protection
              (31 damage)
             ... on level 2 of the Elven Halls.
             The game lasted 01:55:26 (35903 turns).

KennySheep the Thaumaturge (Demigod Conjurer)      Turns: 35903, Time: 01:55:26

Health: -17/134    AC: 21    Str: 11    XL:     16   Next: 22%
Magic:  7/38       EV: 19    Int: 45    God:
Gold:   2854       SH:  0    Dex: 21    Spells: 14/41 levels left

rFire   + . .      SeeInvis +    a - +3 short sword (distort)
rCold   + + +      Faith    .    (no shield)
rNeg    + + .      Spirit   .    H - +4 skin of Zhor {*Englaciate rC+++ SInv}
rPois   +          Reflect  .    d - +1 helmet of Ebounuk {rElec rF+ Dex+2}
rElec   +          Harm     .    r - +2 ratskin cloak {*Rats rPois rN+ Str-1 Int-1 Dex+1}
rCorr   .          Rampage  .    J - +1 pair of gloves
Will    ++...                    X - +2 pair of boots {Fly}
Stlth   ++........               i - amulet of the acrobat
HPRegen 0.42/turn                s - +6 ring of intelligence
MPRegen 0.26/turn                b - ring of Free Expression {rPois rN+ Will+ Str+4 Dex+6}

@: flying, studying Necromancy
A: high MP 1, forlorn, divine attributes, iridescent scales 2
a: no special abilities


You were on level 2 of the Elven Halls.
You visited 4 branches of the dungeon, and saw 24 of its levels.
You also visited: Ice Cave.

You collected 3452 gold pieces.
You spent 598 gold pieces at shops.

Inventory:

Hand Weapons
 a - a +3 short sword of distortion (weapon)
Missiles
 y - 2 throwing nets
 T - 3 boomerangs of dispersal
Armour
 d - the +1 helmet of Ebounuk (worn) {rElec rF+ Dex+2}
   (You bought it in a shop on level 2 of the Orcish Mines)

   Dex:       It affects your dexterity (+2).
   rF:        It protects you from fire.
   rElec:     It insulates you from electricity.
 r - the +2 ratskin cloak (worn) {*Rats rPois rN+ Str-1 Int-1 Dex+1}
   (You found it on level 12 of the Dungeon)

   When the wearer is hurt, rats may emerge from it to assist them.
   Str:       It affects your strength (-1).
   Int:       It affects your intelligence (-1).
   Dex:       It affects your dexterity (+1).
   rPois:     It protects you from poison.
   rN:        It protects you from negative energy.
 H - the +4 skin of Zhor (worn) {*Englaciate rC+++ SInv}
   (You found it in an ice cave)

   It radiates cold, occasionally slowing all nearby creatures who are not
   resistant to cold.
   rC:        It renders you almost immune to cold.
   SInv:      It lets you see invisible.
 J - a +1 pair of gloves (worn)
 X - a +2 pair of boots of flying (worn)
Magical Staves
 P - a staff of air
Jewellery
 b - the ring of Free Expression (right hand) {rPois rN+ Will+ Str+4 Dex+6}
   (You found it on level 11 of the Dungeon)

   [ring of dexterity]

   Str:       It affects your strength (+4).
   Dex:       It affects your dexterity (+6).
   rPois:     It protects you from poison.
   rN:        It protects you from negative energy.
   Will:      It increases your willpower.
 i - an amulet of the acrobat (around neck)
 s - a +6 ring of intelligence (left hand)
 N - a +4 ring of protection
 R - an amulet of reflection
Wands
 o - a wand of iceblast (20)
 p - a wand of paralysis (24)
 t - a wand of quicksilver (14)
 z - a wand of flame (34)
 L - a wand of mindburst (43)
 M - a wand of polymorph (8)
Scrolls
 c - 6 scrolls of poison
 f - 6 scrolls of magic mapping
 j - 5 scrolls of fog
 k - 11 scrolls of teleportation
 x - a scroll of torment
 A - 5 scrolls of blinking
 C - 3 scrolls of vulnerability
 F - 2 scrolls of immolation
 I - 3 scrolls of amnesia
 O - 5 scrolls of identify
 Q - 4 scrolls of brand weapon
 V - 2 scrolls of fear
 W - 2 scrolls of enchant armour
Potions
 g - 13 potions of curing
 h - 4 potions of brilliance
 l - a potion of mutation
 m - 2 potions of cancellation
 q - 3 potions of might
 u - a potion of ambrosia
 v - 3 potions of attraction
 B - 6 potions of heal wounds
 D - a potion of resistance
 E - 4 potions of flight
 G - a potion of lignification
 K - 2 potions of haste
 S - 2 potions of invisibility
 U - a potion of berserk rage


   Skills:
 + Level 10.1 Fighting
 * Level 9.7 Short Blades
 - Level 3.7 Armour
 + Level 9.4 Dodging
 - Level 1.7 Stealth
 * Level 13.0 Spellcasting
 - Level 10.8 Conjurations
 - Level 9.0 Translocations
 * Level 12.9 Air Magic


You had 14 spell levels left.
You knew the following spells:

 Your Spells              Type           Power      Damage    Failure   Level
a - Magic Dart            Conj           100%       1d8       0%          1
b - Searing Ray           Conj           100%       2d8       0%          2
c - Iskenderun's Mystic   Conj/Tloc      87%        2d17      1%          4
d - Vhi's Electric Charg  Tloc/Air       100%       N/A       1%          3
e - Passage of Golubria   Tloc           84%        N/A       1%          4
f - Arcjolt               Conj/Air       47%        1d57      1%          5
g - Maxwell's Capacitive  Air            49%        ∞         30%         8

Your spell library contained the following spells:

 Spells                   Type           Power      Damage    Failure   Level
 Apportation              Tloc           100%       N/A       1%          1
 Summon Small Mammal      Summ           100%       N/A       1%          1
 Cigotuvi's Dreadful Rot  Necr/Pois/Air  100%       N/A       1%          2
 Ensorcelled Hibernation  Hex/Ice        58%        N/A       1%          2
 Poisonous Vapours        Pois/Air       100%       N/A       1%          2
 Scorch                   Fire           58%        2d7       1%          2
 Dazzling Flash           Conj/Hex       100%       N/A       1%          3
 Mephitic Cloud           Conj/Pois/Air  79%        N/A       1%          3
 Flame Wave               Conj/Fire      67%        2d15      1%          4
 Fulminant Prism          Conj/Hex       33%        3d15      1%          4
 Spider Form              Tmut/Pois      29%        N/A       2%          3
 Tukima's Dance           Hex            29%        N/A       2%          3
 Anguish                  Hex/Necr       14%        N/A       9%          4
 Leda's Liquefaction      Hex/Erth       14%        N/A       9%          4
 Summon Ice Beast         Ice/Summ       29%        N/A       9%          4
 Alistair's Intoxication  Tmut/Pois      19%        N/A       26%         5
 Borgnjor's Vile Clutch   Necr/Erth      14%        N/A       26%         5
 Lee's Rapid Deconstruct  Erth           14%        3d9*      26%         5
 Summon Mana Viper        Hex/Summ       29%        N/A       26%         5
 Yara's Violent Unravell  Hex/Tmut       14%        3d7       26%         5
 Malign Gateway           Summ/Tloc      31%        N/A       77%         7
 Eringya's Noxious Bog    Tmut/Pois      14%        N/A       80%         6
 Statue Form              Tmut/Erth      19%        N/A       80%         6
 Summon Cactus Giant      Summ           14%        N/A       80%         6
 Monstrous Menagerie      Summ           14%        N/A       100%        7


Dungeon Overview and Level Annotations

Branches:
Dungeon (15/15)            Temple (0/1) D:4            Lair (5/5) D:11
 Shoals (0/4) Lair:2        Snake (0/4) Lair:3        Slime (0/5) Lair:4
    Orc (2/2) D:10            Elf (2/3) Orc:2        Vaults (0/5) D:14
  IceCv (visited)
 Depths: D:15

Shops:
D:7 *   D:14 ?[   Orc:2 ***?:   Elf:1 [

Annotations:
D:8 2 transporters, HarveyMantaco's ghost, novice HuTm
D:9 2 runed translucent doors, baller8008's ghost, novice MiBe
D:14 2 transporters, ytrimaz's ghost, journeyman OgBe
Lair:5 2 transporters, Darkkill's ghost, journeyman MiHu
Elf:2 1 runed translucent door, Asterion


Innate Abilities, Weirdness & Mutations

You have an increased reservoir of magic. (+10% MP)
You shall have no god before yourself.
Your divine heritage dramatically boosts your attributes as you level up.
You are mostly covered in iridescent scales. (AC +4)


Message History

You hit Asterion but do no damage.
Space warps around Asterion.
Asterion is severely wounded.
Asterion closely misses you. Asterion gores you but does no damage.
Asterion blocks your attack.
Asterion is severely wounded.
Asterion hits you with a +2 morningstar of protection!!
* * * LOW HITPOINT WARNING * * *
Asterion gores you but does no damage.
Asterion blocks your river rat's attack.
You feel much better.
Asterion hits your river rat with a +2 morningstar of protection!!!
Your river rat dies!
Asterion conjures a destructive force in the name of Makhleb!
The bolt of negative energy misses you.
Casting: Iskenderun's Mystic Blast (safe; 1% risk of failure)
Confirm with . or Enter, or press ? or * to list all spells.
You erupt in a blast of force!
The mystic blast hits Asterion.
Asterion is severely wounded.
Asterion is knocked back by the mystic blast.
Asterion slams into the rock wall!
Casting: Iskenderun's Mystic Blast (safe; 1% risk of failure)
Confirm with . or Enter, or press ? or * to list all spells.
You erupt in a blast of force!
The mystic blast hits Asterion.
Asterion is severely wounded.
Asterion is knocked back by the mystic blast.
Asterion slams into the rock wall!
Asterion is severely wounded.
Asterion says, "Ah, a wizard!
I'll enjoy hearing you beg for your life."
Asterion hits you with a +2 morningstar of protection!!
* * * LOW HITPOINT WARNING * * *
Asterion gores you but does no damage.
Casting: Iskenderun's Mystic Blast (safe; 1% risk of failure)
Confirm with . or Enter, or press ? or * to list all spells.
You erupt in a blast of force!
The mystic blast hits Asterion but does no damage.
Asterion is severely wounded.
Asterion hits you but does no damage. Asterion gores you but does no damage.
A deep elf pyromancer comes into view. It is wielding a +0 dagger.
Asterion hits you with a +2 morningstar of protection!!
You die...

## .. ##+## .#
##...## .#
##.....## ###.#
##.......## ##.#.#
#.........####....#
'.........'.......#
#....<....####..@.#
##.......##
#.?..H...#
##.....##
#.###.##.# ##..)##
#. ..#.# ##'## #.
#.#.# #.# #. .#.#
#.# #. ...# ...
e### ...


You could see Asterion (fast) and a deep elf pyromancer.

Vanquished Creatures
  Jorgrun (D:14)
  Rupert (D:14)
  Roxanne (D:14)
  An orc warlord (Orc:1)
  Nessos (D:13)
  A deep elf demonologist (Elf:1)
  A deep elf annihilator (Elf:2)
  A deep elf death mage (Elf:2)
  3 vault guards (D:14)
  2 hydras
  A centaur warrior (D:13)
  Erica (D:10)
  8 two-headed ogres
  The ghost of OstrichLN the Black Belt, a journeyman DsGl of Ashenzari (D:11)
  9 dancing weapons
  10 death yaks
  A boulder beetle (D:12)
  2 tengu warriors (D:14)
  4 orc high priests (Orc:2)
  5 deep elf knights
  Sonja (Lair:2)
  7 deep elf archers
  A necromancer (IceCv)
  A lindwurm (Lair:5)
  An orc knight (D:14)
  A wizard (D:14)
  26 deep elf pyromancers
  7 cyclopes
  8 ugly things
  18 deep elf zephyrmancers
  3 manticores
  An oklob plant (Lair:4)
  6 orc sorcerers
  2 black mambas (Lair:2)
  Joseph (D:8)
  17 elephants
  A torpor snail (Lair:3)
  3 gargoyles
  An ice statue (IceCv)
  Maggie (D:8)
  8 cane toads
  A rime drake (Lair:4)
  2 unseen horrors (D:12)
  9 komodo dragons
  3 anaconda simulacra (IceCv)
  A freezing wraith (IceCv)
  A yaktaur (D:14)
  6 kobold demonologists
  14 ice devils
  5 trolls
  10 polar bears
  6 hornets (Lair:5)
  11 slime creatures
  A blink frog (shapeshifter) (D:14)
  17 blink frogs
  7 dream sheep (Lair:5)
  Sigmund (D:5)
  15 spriggans (Lair:5)
  3 shadows
  2 water elementals (Elf:2)
  A wraith (D:10)
  A dire elephant simulacrum (IceCv)
  2 vampires (D:13)
  5 wyverns
  A human (D:14)
  Eustachio (D:5)
  2 basilisks
  68 yaks
  A fire elemental (Elf:2)
  3 vampire mosquitoes (D:13)
  3 steam dragons
  5 death yak simulacra (IceCv)
  Grum (D:8)
  2 neqoxecs (D:11)
  2 nagas (Lair:3)
  2 harpy simulacra (IceCv)
  3 wargs
  2 acid dragons (D:10)
  A hydra simulacrum (IceCv)
  13 water moccasins
  A floating eye (D:12)
  26 orc warriors
  A sky beast (D:8)
  3 ice beasts
  6 black bears
  9 ogres
  45 wolves
  3 centaurs
  3 boggarts (Lair:5)
  7 kobold brigands
  A phantom (D:4)
  The ghost of pascalblue the Magician, an amateur DEEE of Kikubaaqudgha (D:3)
  3 gnoll sergeants
  Blork the orc (D:6)
  A necrophage (D:7)
  5 bullfrogs
  7 cane toad simulacra (IceCv)
  2 scorpions
  11 wights (D:7)
  2 elephant simulacra (IceCv)
  10 killer bees
  3 howler monkeys
  An electric eel (Lair:2)
  3 jellies
  2 quasits (D:11)
  3 hounds
  33 orc priests
  A gnoll bouda (D:3)
  6 iguanas
  23 orc wizards
  5 hell rats (Lair:3)
  3 polar bear simulacra (IceCv)
  A troll simulacrum (IceCv)
  3 wolf simulacra (IceCv)
  4 gnolls (D:9)
  5 adders
  A naga simulacrum (IceCv)
  3 white imps
  2 ufetubi (IceCv)
  2 worms (D:3)
  4 dart slugs
  100 orcs
  12 endoplasms
  2 giant cockroaches
  5 goblins
  8 hobgoblins
  2 jackals (D:1)
  21 kobolds
  2 quokkas
  8 ball pythons
  4 bats
  3 frilled lizards
  8 rats
835 creatures vanquished.

Vanquished Creatures (collateral kills)
  A boulder beetle (D:11)
  A cyclops (Orc:2)
  2 orc warriors (Orc:2)
4 creatures vanquished.

Vanquished Creatures (others)
  A deep elf demonologist (Elf:1)
  A deep elf knight (Elf:2)
  A deep elf archer (Elf:2)
  An orc wizard (Orc:2)
  50 fungi
  115 plants
169 creatures vanquished.

Grand Total: 1008 creatures vanquished

Notes
Turn   | Place    | Note
-------+----------+-------------------------------------------
     0 | D:1      | KennySheep the Demigod Conjurer began the quest for the
                  | Orb.
     0 | D:1      | Reached XP level 1. HP: 14/14 MP: 5/5
   316 | D:1      | Reached XP level 2. HP: 20/20 MP: 5/7
   319 | D:1      | Learned a level 2 spell: Searing Ray
   436 | D:1      | Reached skill level 1 in Translocations
   488 | D:1      | Reached skill level 2 in Spellcasting
  1415 | D:2      | Reached XP level 3. HP: 26/26 MP: 4/8
  2664 | D:3      | Reached XP level 4. HP: 25/33 MP: 1/10
  2698 | D:3      | Learned a level 4 spell: Iskenderun's Mystic Blast
  2885 | D:3      | Gained mutation: You are partially covered in iridescent
                  | scales. (AC +2) [potion of mutation]
  2885 | D:3      | Gained mutation: You are mostly covered in iridescent
                  | scales. (AC +4) [potion of mutation]
  3132 | D:3      | Found a runed translucent gate.
  3132 | D:3      | Found a runed translucent gate.
  3132 | D:3      | Found a runed translucent gate.
  3146 | D:3      | Noticed pascalblue's ghost (amateur DEEE)
  3309 | D:4      | Found a staircase to the Ecumenical Temple.
  3397 | D:4      | Reached XP level 5. HP: 38/38 MP: 4/11
  3625 | D:4      | Reached skill level 5 in Conjurations
  3763 | D:4      | Noticed a black bear
  3771 | D:4      | Killed a black bear
  3772 | D:4      | Reached XP level 6. HP: 45/45 MP: 3/13
  4007 | D:4      | Reached skill level 3 in Spellcasting
  4007 | D:4      | Identified the +1 helmet of Vinynen {rC+}
  4446 | D:5      | Entered Level 5 of the Dungeon
  4569 | D:5      | Noticed Eustachio
  4624 | D:5      | Reached XP level 7. HP: 50/50 MP: 2/15
  4824 | D:5      | Noticed Sigmund
  4862 | D:5      | Killed Eustachio
  5016 | D:5      | Learned a level 3 spell: Vhi's Electric Charge
  5140 | D:5      | Reached skill level 5 in Translocations
  5202 | D:5      | Killed Sigmund
  5445 | D:6      | Noticed Blork the orc
  5451 | D:6      | Killed Blork the orc
  5746 | D:6      | Reached skill level 4 in Spellcasting
  5746 | D:6      | Reached XP level 8. HP: 33/57 MP: 11/17
  7062 | D:7      | Reached XP level 9. HP: 62/62 MP: 6/19
  7145 | D:7      | Learned a level 4 spell: Passage of Golubria
  7365 | D:7      | Reached skill level 5 in Spellcasting
  7544 | D:7      | Found Zin's Purification Station.
  7837 | D:8      | Noticed Joseph
  7962 | D:8      | Killed Joseph
  8120 | D:8      | Found a transporter.
  8130 | D:8      | Noticed Grum
  8137 | D:8      | Killed Grum
  8160 | D:8      | Found a transporter.
  8161 | D:8      | Noticed HarveyMantaco's ghost (novice HuTm)
  8162 | D:8      | Noticed a two-headed ogre
  8164 | D:8      | Noticed a moth of wrath
  8398 | D:8      | Noticed Maggie
  8420 | D:8      | Killed Maggie
  8421 | D:8      | Reached XP level 10. HP: 69/69 MP: 2/22
  8988 | D:8      | Reached skill level 1 in Fighting
  8988 | D:8      | Reached skill level 1 in Armour
  8989 | D:8      | Reached skill level 6 in Spellcasting
  9028 | D:7      | Learned a level 5 spell: Arcjolt
  9698 | D:9      | Identified the +4 dagger "Ufait" {holy, Drain Dex+5}
  9766 | D:9      | Reached skill level 1 in Air Magic
 10018 | D:9      | Reached skill level 10 in Conjurations
 10558 | D:9      | Found a large runed translucent door.
 10558 | D:9      | Found a large runed translucent door.
 10560 | D:9      | Noticed baller8008's ghost (novice MiBe)
 11022 | D:10     | Entered Level 10 of the Dungeon
 11122 | D:10     | Noticed Erica
 11134 | D:10     | Killed Erica
 11135 | D:10     | Reached XP level 11. HP: 71/83 MP: 16/24
 11547 | D:10     | Found a staircase to the Orcish Mines.
 12005 | D:11     | Found a transporter.
 12333 | D:11     | Noticed a boulder beetle
 12371 | D:11     | Killed a boulder beetle
 12722 | D:11     | Found a transporter.
 12976 | D:11     | Found a staircase to the Lair.
 13460 | D:11     | Noticed OstrichLN's ghost (journeyman DsGl)
 13888 | D:3      | Killed pascalblue's ghost
 14115 | Orc:1    | Entered Level 1 of the Orcish Mines
 14141 | Orc:1    | Noticed a two-headed ogre
 14145 | Orc:1    | Reached skill level 5 in Fighting
 14155 | Orc:1    | Killed a two-headed ogre
 14156 | Orc:1    | Reached skill level 7 in Spellcasting
 14880 | Orc:1    | Noticed an orc warlord
 15262 | D:11     | Killed OstrichLN's ghost
 15380 | D:11     | Identified the ring of Free Expression {rPois rN+ Will+
                  | Str+4 Dex+6}
 15541 | D:12     | Found a frozen archway.
 15549 | D:12     | Reached skill level 5 in Air Magic
 15644 | IceCv    | Entered an ice cave
 16107 | IceCv    | Reached XP level 12. HP: 85/95 MP: 0/27
 16244 | IceCv    | Found the +4 skin of Zhor {*Englaciate rC+++ SInv}
 16398 | IceCv    | Reached skill level 5 in Dodging
 16417 | IceCv    | Reached skill level 8 in Spellcasting
 18253 | D:12     | Noticed a boulder beetle
 18264 | D:12     | Killed a boulder beetle
 18377 | D:12     | Paralysed by a floating eye for 3 turns
 18408 | D:12     | Found the +2 ratskin cloak {*Rats rPois rN+ Str-1 Int-1
                  | Dex+1}
 18590 | Lair:1   | Entered Level 1 of the Lair of Beasts
 18708 | Lair:1   | Reached skill level 9 in Spellcasting
 18816 | Lair:1   | Learned a level 8 spell: Maxwell's Capacitive Coupling
 19467 | Lair:2   | Reached XP level 13. HP: 103/105 MP: 3/30
 19599 | Lair:2   | Noticed Sonja
 19609 | Lair:2   | Killed Sonja
 20057 | Orc:1    | Killed an orc warlord
 20243 | Orc:2    | Entered Level 2 of the Orcish Mines
 20359 | Orc:2    | Found a staircase to the Elven Halls.
 20594 | Lair:2   | Reached skill level 1 in Short Blades
 20928 | Lair:2   | Found a staircase to the Shoals.
 21842 | Lair:3   | Reached skill level 10 in Spellcasting
 22120 | Lair:3   | Found a staircase to the Snake Pit.
 23849 | Lair:4   | Found a staircase to the Slime Pits.
 24465 | Lair:5   | Entered Level 5 of the Lair of Beasts
 24531 | Lair:5   | Found a transporter.
 24549 | Lair:5   | Found a transporter.
 24549 | Lair:5   | Noticed Darkkill's ghost (journeyman MiHu)
 25082 | Lair:5   | Reached XP level 14. HP: 115/115 MP: 24/33
 25254 | Lair:5   | Reached skill level 10 in Air Magic
 25455 | Lair:5   | Reached skill level 5 in Short Blades
 25894 | Lair:5   | Reached skill level 11 in Spellcasting
 28927 | D:13     | Noticed Nessos
 29684 | D:13     | Killed Nessos
 30058 | D:14     | Noticed Jorgrun
 30080 | D:14     | Reached XP level 15. HP: 69/124 MP: 8/35
 30085 | D:14     | Killed Jorgrun
 30373 | D:14     | Found a transporter.
 30377 | D:14     | Noticed ytrimaz's ghost (journeyman OgBe)
 30379 | D:14     | Found a transporter.
 30531 | D:14     | Found a gate to the Vaults.
 30871 | D:14     | Noticed Roxanne
 30995 | D:14     | Found Plog's Armour Shoppe.
 31106 | D:14     | Found Weschuq's Magic Scroll Emporium.
 31114 | D:14     | Bought a scroll of enchant weapon for 82 gold pieces
 31114 | D:14     | Bought a scroll of blinking for 82 gold pieces
 31114 | D:14     | Bought a scroll of enchant weapon for 82 gold pieces
 31114 | D:14     | Bought a scroll of identify for 22 gold pieces
 31212 | D:14     | Reached skill level 12 in Spellcasting
 31397 | D:14     | Noticed Rupert
 31409 | D:14     | Killed Rupert
 31663 | D:14     | Killed Roxanne
 31904 | D:14     | Noticed a fire giant
 31933 | D:15     | Entered Level 15 of the Dungeon
 31936 | D:15     | Identified the +1 ring mail "Haunelex" {Will+}
 32667 | Orc:2    | Found Uffocwor's Vocational Training.
 32897 | Orc:2    | Found Otomm's Magic Scroll Emporium.
 32897 | Orc:2    | Found Ulofaeh's Assorted Antiques.
 32900 | Orc:2    | Found Umeghemn's Assorted Antiques.
 32900 | Orc:2    | Found Elluwiumu's Assorted Antiques.
 32910 | Orc:2    | Bought a scroll of teleportation for 57 gold pieces
 32910 | Orc:2    | Bought a scroll of identify for 38 gold pieces
 32911 | Orc:2    | Bought a scroll of teleportation for 36 gold pieces
 32966 | Orc:2    | Bought a dazzling helmet for 199 gold pieces
 32966 | Orc:2    | Identified the +1 helmet of Ebounuk {rElec rF+ Dex+2} (You
                  | bought it in a shop on level 2 of the Orcish Mines)
 33282 | Elf:1    | Entered Level 1 of the Elven Halls
 33341 | Elf:1    | Found Nisydifo's Armour Boutique.
 33721 | Elf:1    | Got the Folio of the Comitatus
 34993 | Elf:2    | Reached XP level 16. HP: 134/134 MP: 6/38
 35454 | Elf:2    | Reached skill level 10 in Fighting
 35602 | Elf:2    | Reached skill level 13 in Spellcasting
 35830 | Elf:2    | Found a runed translucent gate.
 35876 | Elf:2    | Noticed Asterion
 35903 | Elf:2    | Demolished by Asterion

Illustrated notes

Levels and vault maps discovered:
D:1:      heliophobic_arrival_dark_side_of_the_moon, layout_loops_ring,
          shapermc_ecumenical_altar_mp_ritualfount
D:2:      layout_loops_corners
D:3:      layout_basic, ebering_ghost_gozag
D:4:      layout_loops_ring, lemuel_round_altar, minmay_temple_entry_mini_moons,
          dk_rats_in_the_wall
D:5:      layout_rooms, lemuel_crystal_altar, fiery_altar_vehumet,
          uniq_eustachio, uniq_sigmund
D:6:      layout_basic, general_overflow_altar, makhleb_blood_cavern_becter,
          uniq_blork_the_orc
D:7:      layout_basic, zin_purify
D:8:      layout_cave_pods, nicolae_qazlal_general_emergency,
          gammafunk_ghost_wrathful_warriors, minivault_1,
          minmay_fractal_squares_gapless_5, uniq_joseph, uniq_maggie, uniq_grum
D:9:      minmay_weird_star, layout_basic, minitemple,
          ebering_ghost_disaster_area
D:10:     layout_basic, hiddenorc1_lemuel, lemuel_flamethrower_1, uniq_erica
D:11:     minmay_goldmine, layout_basic, lair_entry_dummy,
          gammafunk_ghost_stat_death, palyth_stone_intersect
D:12:     layout_rooms, portal_ice_cave_demonic_guard, onia_ninara_cookie
D:13:     layout_irregular_city, minmay_misc_feat_tiny, uniq_nessos
D:14:     layout_irregular_city, grunt_vaults_entry_fortified,
          minmay_misc_feat_roman, serial_shops, shop_coins,
          nicolae_shop_statue_plus, nzn_ghost_randoct, uniq_rupert,
          uniq_jorgrun, uniq_roxanne
D:15:     grunt_enter_depths_giant_problem, layout_stronghold,
          grunt_decor_arrowhead, chequers_mini_garden, serial_park_tiny_pond,
          fedhas_altar_1
Lair:1:   layout_chaotic_city, serial_bayou_shore_a, grunt_megastairs_1,
          infiniplex_staircase_pool_2, serial_bayou_shore_b
Lair:2:   layout_roguey, elwin_shoals_entry_rocks, serial_bayou,
          serial_bayou_lagoon_b, serial_bayou_pond_e, serial_bayou_lake_a,
          serial_bayou_pond_b, lemuel_fruit_fields, uniq_sonja
Lair:3:   layout_long_grid, guppyfry_snake_entry_garden
Lair:4:   layout_hall_layers, minmay_slime_entry_oklob_enclosed,
          beast_lair_carwin_8
Lair:5:   minmay_lair_end_enchanted_forest, layout_layer_cave,
          gammafunk_ghost_arena
Orc:1:    layout_caves, basic_altar, minmay_orc_barracks
Orc:2:    st_orc_mages, layout_caves, nicolae_shop_vocational
Elf:1:    layout_loops_corners, serial_shops, shop, minmay_elf_demonology
Elf:2:    nicolae_elf_blades_crystal_corner, layout_loops_corners,
          hangedman_research_metamorphosis, uniq_asterion

Skill      XL: |  1  2  3  4  5  6  7  8  9 10 11 12 13 14 15 16 |
---------------+-------------------------------------------------+-----
Translocations | 1 2 3 4 5 7 8 9 |  9.0
Spellcasting   | 2 3 4 5 6 7 9 10 11 12 13 | 13.0
Conjurations   | 4 5 6 8 9 10 | 10.8
Fighting       | 3 5 7 8 9 10 | 10.1
Armour         | 2 3 |  3.7
Dodging        | 3 4 6 7 8 9 |  9.4
Air Magic      | 3 5 8 9 11 12 | 12.9
Short Blades   | 4 7 9 |  9.7
Stealth        | |  1.7

Action                   |  1- 3 |  4- 6 |  7- 9 | 10-12 | 13-15 | 16-18 || total
-------------------------+-------+-------+-------+-------+-------+-------++-------
Melee: Unarmed           |    17 |       |       |       |       |       ||    17
       Falchion          |     3 |     1 |       |       |       |       ||     4
       Short sword       |       |       |     2 |       |   558 |    34 ||   594
       Rapier            |       |       |    25 |   174 |    14 |       ||   213
       Punch             |       |       |       |     4 |     9 |       ||    13
 Cast: Magic Dart        |   110 |    51 |    46 |    38 |    35 |       ||   280
       Searing Ray       |     1 |    16 |    13 |     9 |     2 |       ||    41
       Iskenderun's Myst |       |       |    58 |   230 |   404 |    38 ||   730
       Arcjolt           |       |       |       |     3 |       |       ||     3
       Vhi's Electric Ch |       |       |       |       |     1 |       ||     1
       Maxwell's Capacit |       |       |       |       |     1 |       ||     1
Evoke: Wand              |       |       |     1 |       |     2 |       ||     3
  Use: Scroll            |     2 |     2 |     9 |     7 |    12 |       ||    32
       Potion            |       |     2 |     3 |     6 |     4 |     1 ||    16
 Stab: Paralysed         |       |       |     2 |       |       |       ||     2
       Sleeping          |       |       |       |     1 |     1 |     1 ||     3
       Distracted        |       |       |       |       |     2 |     1 ||     3
Armor: Robe              |     9 |       |       |       |       |       ||     9
       Leather armour    |       |     3 |    11 |       |       |       ||    14
       Swamp dragon scal |       |       |       |    80 |       |       ||    80
       Acid dragon scale |       |       |       |     7 |       |       ||     7
       Animal skin       |       |       |       |    32 |   225 |    20 ||   277
Dodge: Dodged            |    33 |    20 |    34 |   266 |   779 |    79 ||  1211
       Repelled          |       |       |       |       |     2 |       ||     2

Table legend: (Time is in decaauts)
 A = Elapsed time spent in this place.
 B = Non-inter-level travel time spent in this place.
 C = Inter-level travel time spent in this place.
 D = Time resting spent in this place.
 E = Time spent auto-exploring this place.
 F = Levels seen in this place.
 G = Mean time per level.
                   A        B        C        D        E       F      G
               +--------+--------+--------+--------+--------+-----+--------+
         Total |  35863 |  33417 |   2446 |   9589 |  18111 |  25 | 1434.5 |
       Dungeon |  20076 |  18161 |   1915 |   4402 |  11051 |  15 | 1338.4 |
          Lair |   8326 |   7907 |    419 |   2213 |   4255 |   5 | 1665.2 |
  Orcish Mines |   2398 |   2298 |    100 |    768 |    930 |   2 | 1199.0 |
   Elven Halls |   2590 |   2579 |     11 |    673 |   1502 |   2 | 1295.0 |
      Ice Cave |   2471 |   2471 |      0 |   1533 |    373 |   1 | 2471.0 |
               +--------+--------+--------+--------+--------+-----+--------+

Top non-repeatable levels by time:
  Lair:5: 2602 daAuts
   IceCv: 2471 daAuts
    D:11: 2262 daAuts
    D:14: 1994 daAuts
  Lair:4: 1978 daAuts
     D:7: 1839 daAuts
     D:8: 1672 daAuts
   Elf:1: 1650 daAuts
    D:10: 1613 daAuts
     D:9: 1596 daAuts
  Lair:2: 1528 daAuts
   Orc:1: 1451 daAuts
    D:12: 1441 daAuts
     D:4: 1240 daAuts
  Lair:3: 1140 daAuts
